 Dungeon Crawl Stone Soup version 0.27.1-1-g398f81649c (webtiles) character file.

Game seed: 1578796234829622180

9009 Thatpatchoflichen the Blocker (level 11, -2/89 HPs)
             Began as a Hill Orc Monk on Sept 6, 2021.
             Was an Elder of Hepliaklqana.
             Slain by a ten-headed hydra (7 damage)
             ... on level 1 of the Lair of Beasts.
             The game lasted 00:41:09 (15899 turns).

Thatpatchoflichen the Blocker (Hill Orc Monk)      Turns: 15899, Time: 00:41:10

Health: -2/89      AC: 18    Str: 17    XL:     11   Next: 39%
Magic:  12/12      EV:  4    Int: 10    God:    Hepliaklqana [****..]
Gold:   603        SH: 17    Dex: 16    Spells: 7/10 levels left

rFire    . . .     SeeInvis .   r - +1 war axe (freeze)
rCold    . . .     Faith    .   k - +0 tower shield
rNeg     + . .     Spirit   .   N - +0 plate armour
rPois    .         Reflect  .   o - +0 helmet
rElec    .         Harm     .   T - scarf {repulsion}
rCorr    .         Rampage  .   B - +1 pair of gloves
Will     .....                  (no boots)
Stlth    ..........             (no amulet)
HPRegen  0.24/turn              D - ring of positive energy
MPRegen  0.13/turn              P - ring of flight

@: flying, repel missiles
A: reduced essence, agile 1
a: Renounce Religion, Recall Ancestor, Ancestor Identity, Transference, Idealise


You were on level 1 of the Lair of Beasts.
You worshipped Hepliaklqana.
Hepliaklqana was greatly pleased with you.
You visited 3 branches of the dungeon, and saw 13 of its levels.
You also visited: Ossuary.

You collected 747 gold pieces.
You spent 144 gold pieces at shops.

Inventory:

Hand Weapons
 r - a +1 war axe of freezing (weapon)
Missiles
 e - 198 arrows
 f - 490 stones (quivered)
 h - 39 poisoned darts
 l - 76 sling bullets
 z - 73 bolts
 E - 4 datura-tipped darts
 J - 2 curare-tipped darts
Armour
 k - a +0 tower shield (worn)
 o - a +0 helmet (worn)
 B - a +1 pair of gloves (worn)
 N - a +0 plate armour (worn)
 T - a scarf of repulsion (worn)
Jewellery
 g - an amulet of magic regeneration
 m - a ring of magical power
 D - a ring of positive energy (left hand)
 H - a +6 ring of intelligence
 P - a ring of flight (right hand)
Wands
 F - a wand of polymorph (16)
 I - a wand of iceblast (12)
 O - a wand of digging (3)
Scrolls
 a - 2 scrolls of silence {unknown}
 b - a scroll of magic mapping {unknown}
 c - 3 scrolls of noise {unknown}
 d - 2 scrolls of holy word {unknown}
 p - a scroll of vulnerability {unknown}
 t - 3 scrolls of teleportation {unknown}
 y - 2 scrolls of brand weapon {unknown}
 C - a scroll of blinking {unknown}
 M - a scroll of acquirement {unknown}
 Q - 3 scrolls of immolation {unknown}
 S - a scroll of fear {unknown}
 U - a scroll of enchant weapon {unknown}
 W - a scroll of enchant armour
 X - a scroll of identify
Potions
 i - 10 potions of curing
 j - a potion of magic
 n - 4 potions of heal wounds
 s - a potion of brilliance {unknown}
 u - 3 potions of lignification
 v - 2 potions of flight {unknown}
 w - 2 potions of might {unknown}
 x - a potion of attraction {unknown}
 A - 4 potions of haste
 G - a potion of resistance {unknown}
 K - a potion of ambrosia {unknown}
 L - 2 potions of mutation
 R - 2 potions of berserk rage {unknown}
 V - a potion of invisibility {unknown}
Miscellaneous
 q - a phantom mirror


   Skills:
 - Level 10.0 Fighting
 - Level 8.0 Axes
 + Level 10.0 Armour
 - Level 4.0 Dodging
 - Level 1.5 Stealth
 + Level 10.2 Shields
 - Level 5.2 Summonings
 + Level 1.3 Invocations


You had 7 spell levels left.
You knew the following spells:

 Your Spells              Type           Power      Damage    Failure   Level
a - Call Canine Familiar  Summ           10%        N/A       100%        3

Your spell library contained the following spells:

 Spells                   Type           Power      Damage    Failure   Level
 Sandblast                Erth           0%         2d4       100%        1
 Summon Small Mammal      Summ           40%        N/A       100%        1
 Corpse Rot               Necr/Air       N/A        N/A       100%        2
 Passwall                 Tmut/Erth      0%         N/A       100%        2
 Poisonous Vapours        Pois/Air       0%         N/A       100%        2
 Slow                     Hex            0%         N/A       100%        2
 Confusing Touch          Hex            0%         N/A       100%        3
 Summon Guardian Golem    Hex/Summ       5%         N/A       100%        3
 Vampiric Draining        Necr           0%         2d6       100%        3
 Freezing Cloud           Conj/Ice/Air   0%         6-21      100%        5
 Lee's Rapid Deconstruct  Erth           0%         3d5*      100%        5
 Dispersal                Tloc           0%         N/A       100%        6
 Disjunction              Tloc           0%         N/A       100%        8


Dungeon Overview and Level Annotations

Branches:
Dungeon (11/15)            Temple (1/1) D:4            Lair (1/6) D:9
Ossuary (visited)
    Orc: D:9-12

Altars:
Ashenzari
Cheibriados
Dithmenos
Elyvilon
Fedhas
Gozag
Hepliaklqana
Kikubaaqudgha
Makhleb
Nemelex Xobeh
Okawaru
Qazlal
Ru
Sif Muna
Trog
Uskayaw
Vehumet
Wu Jian
Xom
Yredelemnul
Zin
The Shining One

Shops:
D:3 [

Portals:
Trove: D:11 (show abyssal rune of Zot)


Innate Abilities, Weirdness & Mutations

Your life essence is reduced to manifest your ancestor. (-10% HP)
You are agile. (Dex +2)


Message History

Bintanath hits the cane toad but does no damage.
You hack one of the eight-headed hydra's heads off!
The seven-headed hydra grows two more!
You hit the nine-headed hydra. You freeze the nine-headed hydra.
The nine-headed hydra is moderately wounded.
The cane toad closely misses Bintanath.
Bintanath points at the cane toad and mumbles some strange words.
The cane toad seems to slow down.
The nine-headed hydra bites you but does no damage.
The nine-headed hydra bites you. x3
* * * LOW HITPOINT WARNING * * *
The nine-headed hydra bites you but does no damage.
You block the nine-headed hydra's attack. x2
The nine-headed hydra bites you but does no damage.
The nine-headed hydra bites you!
* * * LOW HITPOINT WARNING * * *
The cane toad misses Bintanath.
Your shield and plate armour prevent you from hitting the nine-headed hydra.
The nine-headed hydra is moderately wounded.
Bintanath hits the cane toad but does no damage.
You block the nine-headed hydra's attack.
The nine-headed hydra bites you but does no damage.
You block the nine-headed hydra's attack.
The nine-headed hydra bites you but does no damage.
The nine-headed hydra bites you.
* * * LOW HITPOINT WARNING * * *
The nine-headed hydra bites you but does no damage. x2
You block the nine-headed hydra's attack.
The nine-headed hydra bites you.
* * * LOW HITPOINT WARNING * * *
The cane toad stings Bintanath!!
Bintanath is destroyed!
You slice one of the nine-headed hydra's heads off!
The eight-headed hydra grows two more!
You slash the ten-headed hydra! You freeze the ten-headed hydra.
The ten-headed hydra is heavily wounded.
You block the ten-headed hydra's attack.
The ten-headed hydra bites you but does no damage. x2
The ten-headed hydra bites you!
You die...

#....# ... ##..## ....
#...# ....# ##..#
.....## #..## ......
##..P# ....## ###
#...## #DF######.#
##..##
#.@......#####...##
#................##
#...............#...
.....#............##..
#...##............#...
#..# #...........####.
#.. #..........## #.
### #.........#. ##
#...#..###### #


You could see a ten-headed hydra (slow, drained) and a cane toad (slow).

Vanquished Creatures
  A two-headed ogre (D:11)
  A cyclops (D:8)
  A guardian mummy (D:11)
  Grinder (D:6)
  3 trolls
  A hornet (D:9)
  Sigmund (D:3)
  6 yaks (D:10)
  Menkaure (D:6)
  A sky beast (D:6)
  An ice beast (D:6)
  3 orc warriors
  4 black bears
  2 necrophages
  An ogre (D:4)
  A centaur (D:5)
  2 kobold brigands
  2 scorpions
  A bullfrog (D:6)
  A wyvern zombie (D:7)
  4 water moccasin zombies
  A water moccasin skeleton (D:4)
  4 wights (D:8)
  4 killer bees (D:9)
  A howler monkey (D:7)
  2 jellies
  3 centaur zombies
  2 hounds
  An orc priest (D:9)
  A centaur skeleton (D:6)
  A scorpion zombie (D:5)
  A hexer (D:9)
  3 iguanas
  8 orc wizards
  A killer bee zombie (D:8)
  The ghost of zdrol the Skirmisher, a weakling MiFi (D:4)
  2 mummies (Ossuary)
  Robin (D:2)
  2 gnolls (D:9)
  7 adders
  A shadow imp (D:7)
  2 white imps
  An ufetubus (D:5)
  3 adder zombies (Ossuary)
  3 dart slugs
  24 orcs
  7 bats
  2 endoplasms (D:1)
  8 giant cockroaches
  5 gnoll zombies (Ossuary)
  17 goblins
  10 hobgoblins
  20 kobolds
  4 quokkas
  5 ball pythons
  A ball python zombie (D:3)
  2 frilled lizards (D:1)
  6 hobgoblin zombies (Ossuary)
  3 kobold zombies (Ossuary)
  2 orc zombies (Ossuary)
  3 rats
214 creatures vanquished.

Vanquished Creatures (collateral kills)
  A two-headed ogre (D:11)
  An ugly thing (D:11)
  A cane toad (Lair:1)
  An unseen horror (D:10)
  A water moccasin (Lair:1)
  3 orc warriors
  2 centaurs
  A kobold brigand (D:4)
  3 bullfrogs
  A gnoll sergeant (D:8)
  4 orc wizards (D:9)
  3 gnolls
  An adder skeleton (D:4)
  2 kobolds (D:9)
25 creatures vanquished.

Vanquished Creatures (others)
  6 hexers
  8 fungi (D:9)
  7 plants (D:9)
21 creatures vanquished.

Grand Total: 260 creatures vanquished

Notes
Turn   | Place    | Note
-------+----------+-------------------------------------------
     0 | D:1      | Thatpatchoflichen the Hill Orc Monk began the quest for the
                  | Orb.
     0 | D:1      | Reached XP level 1. HP: 19/19 MP: 1/1
   138 | D:1      | Found a faded altar of an unknown god.
   195 | D:1      | Reached XP level 2. HP: 24/27 MP: 2/2
   419 | D:1      | Reached skill level 1 in Armour
   748 | D:1      | Reached XP level 3. HP: 33/33 MP: 3/3
  1185 | D:2      | Reached XP level 4. HP: 19/40 MP: 4/4
  1999 | D:3      | Noticed Robin
  2118 | D:2      | Killed Robin
  2136 | D:2      | Gained mutation: You have an increased reservoir of magic.
                  | (+10% MP) [potion of mutation]
  2136 | D:2      | Lost mutation: You have an increased reservoir of magic.
                  | (+10% MP) [potion of mutation]
  2136 | D:2      | Gained mutation: You sometimes lose the ability to read
                  | scrolls when taking damage. [potion of mutation]
  2137 | D:2      | HP: 2/40 [poisoned by a kobold]
  2753 | D:3      | Noticed Sigmund
  2765 | D:3      | Killed Sigmund
  2766 | D:3      | Reached skill level 5 in Axes
  2766 | D:3      | Reached XP level 5. HP: 42/47 MP: 5/5
  2766 | D:3      | Reached XP level 6. HP: 50/55 MP: 6/6
  3051 | D:3      | Found Diosud's Armour Emporium.
  3308 | D:4      | Found a stormy altar of Qazlal.
  3334 | D:4      | Found a staircase to the Ecumenical Temple.
  3346 | D:4      | Reached skill level 5 in Fighting
  3420 | D:4      | Found a sand-covered staircase.
  3426 | Ossuary  | Entered an ossuary
  3477 | Ossuary  | Lost mutation: You sometimes lose the ability to read
                  | scrolls when taking damage. [potion of mutation]
  3477 | Ossuary  | Gained mutation: Your spells are a little easier to cast,
                  | but a little less powerful. [potion of mutation]
  3477 | Ossuary  | Lost mutation: Your spells are a little easier to cast, but
                  | a little less powerful. [potion of mutation]
  3477 | Ossuary  | Gained mutation: You are agile. (Dex +2) [potion of
                  | mutation]
  3538 | Ossuary  | Reached XP level 7. HP: 58/61 MP: 7/7
  3564 | Ossuary  | Reached skill level 5 in Armour
  4189 | D:4      | Found a glowing golden altar of the Shining One.
  4189 | D:4      | Found a sacrificial altar of Ru.
  4228 | D:4      | Found an iron altar of Okawaru.
  4385 | D:4      | Found a transporter.
  4388 | D:4      | Noticed zdrol's ghost (weakling MiFi)
  4389 | D:4      | Found a transporter.
  4562 | Temple   | Entered the Ecumenical Temple
  4839 | D:5      | Entered Level 5 of the Dungeon
  4978 | D:5      | Reached skill level 1 in Shields
  5012 | D:5      | Reached XP level 8. HP: 64/73 MP: 8/8
  6096 | D:6      | Noticed Menkaure
  6106 | D:6      | Killed Menkaure
  6758 | D:6      | Noticed Grinder
  6782 | D:6      | Killed Grinder
  6783 | D:6      | Reached skill level 5 in Shields
  6783 | D:6      | Reached XP level 9. HP: 53/83 MP: 9/9
  8622 | D:7      | Found a broken altar of Ashenzari.
  8682 | D:7      | Found a hazy altar of Hepliaklqana.
  8710 | D:7      | Became a worshipper of Hepliaklqana the Forgotten
  8710 | D:7      | Reached * piety under Hepliaklqana
  8710 | D:7      | Reached ** piety under Hepliaklqana
  8711 | D:7      | Remembered your ancestor Bintanath as a hexer
  9585 | D:8      | Reached skill level 10 in Fighting
  9702 | D:8      | Noticed a troll
  9704 | D:8      | Noticed a cyclops
  9747 | D:8      | Killed a troll
 10058 | D:8      | Killed a cyclops
 10059 | D:8      | Reached XP level 10. HP: 61/83 MP: 10/10
 10601 | D:3      | Bought a scarf of repulsion for 144 gold pieces
 10680 | D:4      | Killed zdrol's ghost
 11212 | D:9      | Found a blossoming altar of Fedhas.
 12196 | D:9      | Found a staircase to the Lair.
 12779 | D:10     | Entered Level 10 of the Dungeon
 12779 | D:10     | Found an ancient bone altar of Kikubaaqudgha.
 12785 | D:10     | Reached *** piety under Hepliaklqana
 12824 | D:10     | Reached skill level 10 in Armour
 13372 | D:10     | Killed an unseen horror
 13379 | D:10     | Found a sparkling altar of Nemelex Xobeh.
 13967 | D:11     | Noticed a purple ugly thing
 13975 | D:11     | Killed a purple ugly thing
 13976 | D:11     | Reached skill level 10 in Shields
 13976 | D:11     | Reached XP level 11. HP: 77/89 MP: 11/11
 14030 | D:11     | Reached **** piety under Hepliaklqana
 14080 | D:11     | Reached skill level 1 in Summonings
 14124 | D:11     | Noticed a two-headed ogre
 14320 | D:10     | Learned a level 3 spell: Call Canine Familiar
 14422 | D:11     | Noticed a two-headed ogre
 14430 | D:11     | Killed a two-headed ogre
 14658 | D:11     | Found a portal to a secret trove of treasure.
 14957 | D:11     | Killed a two-headed ogre
 14958 | D:11     | Reached skill level 5 in Summonings
 15320 | D:11     | Noticed an orc knight
 15489 | Lair:1   | Entered Level 1 of the Lair of Beasts
 15790 | Lair:1   | Reached skill level 1 in Invocations
 15889 | Lair:1   | Noticed a six-headed hydra
 15899 | Lair:1   | Slain by a ten-headed hydra

Illustrated notes

Levels and vault maps discovered:
D:1:      evilmike_arrival_crescent, layout_loops_corners,
          chequers_ecumenical_altar_lobes, minivault_24, st_stairs_5
D:2:      layout_loops_ring
D:3:      minmay_door_path, layout_rooms, serial_shops, shop,
          minmay_diced_spiral, uniq_sigmund, uniq_robin
D:4:      layout_cave_pools, mainiacjoe_overflow_brackets,
          nicolae_qazlal_scattered_showers, gammafunk_temple_overflow_statue,
          minmay_temple_entry_glass, gammafunk_ghost_arena,
          nicolae_ossuary_entry_plus
D:5:      layout_basic
D:6:      layout_basic, uniq_grinder, uniq_menkaure
D:7:      layout_rooms, amcnicky_altar_gilded, nicolae_overflow_crystal_walls
D:8:      layout_basic
D:9:      layout_gridville, old_standard_altar, grunt_lair_entry_orc_guard_hut
D:10:     layout_stronghold, marbit_many_paths,
          mainiacjoe_overflow_concentric_impassable
D:11:     layout_grid_maze, special_room [special_room_orc],
          nicolae_trove_entry_path_of_doom
Temple:   oiseaux_autumnal_temple
Lair:1:   layout_cave_pods, grunt_megastairs_1

Skill      XL: |  1  2  3  4  5  6  7  8  9 10 11 |
---------------+----------------------------------+-----
Armour         | 1 2 4 6 8 10 | 10.0
Fighting       | 4 5 7 9 10 | 10.0
Dodging        | 3 4 |  4.0
Axes           | 5 6 8 |  8.0
Shields        | 1 5 6 10 | 10.2
Summonings     | 5 |  5.2
Invocations    | 1 |  1.3
Stealth        | |  1.5

Action                   |  1- 3 |  4- 6 |  7- 9 | 10-12 || total
-------------------------+-------+-------+-------+-------++-------
Melee: Hand axe          |    27 |       |       |       ||    27
       War axe           |    51 |   128 |   336 |   193 ||   708
Invok: Ancestor Life: He |       |       |     1 |       ||     1
       Recall Ancestor   |       |       |       |     1 ||     1
  Use: Potion            |       |     4 |       |     1 ||     5
       Scroll            |       |       |       |     7 ||     7
 Stab: Sleeping          |     2 |       |       |       ||     2
       Confused          |       |       |     2 |     6 ||     8
       Distracted        |       |       |       |     5 ||     5
Armor: Robe              |    23 |       |       |       ||    23
       Ring mail         |     6 |    77 |       |       ||    83
       Chain mail        |       |    19 |   227 |       ||   246
       Plate armour      |       |       |    47 |   151 ||   198
Dodge: Dodged            |    55 |   133 |   137 |    52 ||   377
       Repelled          |       |       |       |     1 ||     1
Block: Buckler           |       |       |    49 |    50 ||    99
       Tower shield      |       |       |       |    82 ||    82
